 Dungeon Crawl Stone Soup version 0.26-a0-646-g5d77183 (webtiles) character file.

Game seed: 16752918945848869140

136480 Nubsawce the Carver (level 16, -11/127 HPs)
             Began as a Demonspawn Fighter on Sept 24, 2020.
             Was an Elder of Ashenzari.
             Killed from afar by Nieddad's ghost (38 damage)
             ... with an iron shot
             ... on level 13 of the Dungeon.
             The game lasted 02:42:01 (30657 turns).

Nubsawce the Carver (Demonspawn Fighter)           Turns: 30657, Time: 02:42:02

Health: -11/127    AC: 23    Str: 22    XL:     16   Next: 37%
Magic:  16/16      EV: 10    Int: 12    God:    Ashenzari [****..]
Gold:   2317       SH: 18    Dex: 17    Spells: 15/15 levels left

rFire    + . .     SeeInvis +   Q - +9 scimitar (flame) (curse)
rCold    + . .     Faith    .   v - +0 kite shield
rNeg     + . .     Spirit   .   y - +1 plate armour (curse)
rPois    +         Reflect  +   (helmet restricted)
rElec    +         Harm     .   w - scarf {shadows}
rCorr    .         Rampage  .   C - +0 pair of gloves
MR       +....     Clarity  +   (no boots)
Stlth    ..........             o - amulet of the Three Artists {Reflect rElec Dex+3 SH+5} (curse)
HPRegen  0.31/turn              t - ring of positive energy (curse)
MPRegen  0.15/turn              F - ring of protection from cold (curse)

@: no status effects
A: antennae 1, claws 1, fangs 1, hooves 2, molten scales 3, clever 1, demonic
guardian 1, foul stench 2, poison resistance, shaggy fur 1, evolution 1, rot
immunity
}: 1/15 runes: decaying
a: Curse Item, Scrying, Renounce Religion


You were on level 13 of the Dungeon.
You worshipped Ashenzari.
Ashenzari was greatly pleased with you.
You visited 4 branches of the dungeon, and saw 24 of its levels.

You collected 2486 gold pieces.
You spent 169 gold pieces at shops.

Inventory:

Hand Weapons
 B - a +4 great sword of freezing
 Q - a cursed +9 scimitar of flaming (weapon)
Missiles
 q - 10 atropa-tipped darts (quivered)
Armour
 v - a +0 kite shield (worn)
 w - a scarf of shadows (worn)
 y - a cursed +1 plate armour (worn)
 C - a +0 pair of gloves (worn)
 I - a +2 scale mail of fire resistance
 M - a +1 ring mail of poison resistance
Jewellery
 o - the cursed amulet of the Three Artists (around neck) {Reflect rElec Dex+3 SH+5}
   (You acquired it on level 12 of the Dungeon)

   [amulet of reflection]

   It shields you and reflects attacks.
   It affects your dexterity (+3).
   It insulates you from electricity.
   It affects your SH (+5).
   It has a curse placed upon it.
 t - a cursed ring of positive energy (left hand)
 x - a +6 ring of strength
 F - a cursed ring of protection from cold (right hand)
 G - an uncursed amulet of faith
 R - an uncursed amulet of the acrobat
 Y - an uncursed ring of protection from fire
Wands
 i - a wand of polymorph (7)
 k - a wand of iceblast (16)
 r - a wand of digging (9)
 s - a wand of flame (19)
 D - a wand of enslavement (35)
 J - a wand of disintegration (28)
 L - a wand of acid (4)
 U - a wand of paralysis (10)
Scrolls
 a - a scroll of remove curse
 b - 2 scrolls of enchant armour
 d - a scroll of summoning
 e - 5 scrolls of amnesia
 g - 5 scrolls of teleportation
 h - 2 scrolls of blinking
 n - 5 scrolls of identify
 p - a scroll of fog
 u - 4 scrolls of immolation
 H - a scroll of brand weapon {unknown}
 K - 4 scrolls of magic mapping
 O - a scroll of holy word {unknown}
 W - a scroll of fear
 X - a scroll of enchant weapon
Potions
 c - 4 potions of might
 f - 7 potions of lignification
 j - a potion of invisibility
 l - 8 potions of curing
 m - 3 potions of berserk rage {unknown}
 z - 2 potions of magic
 A - 3 potions of brilliance
 E - 4 potions of ambrosia
 N - 3 potions of flight
 P - 2 potions of stabbing
 S - 4 potions of mutation
 T - 3 potions of haste
Miscellaneous
 V - a box of beasts (3/3)
 Z - a lightning rod (4/4)


   Skills:
 + Level 12.0 Fighting
   Level 9.0(12.6) Short Blades
 + Level 14.1(17.8) Long Blades
 + Level 0.7 Throwing
 + Level 13.0 Armour
 + Level 6.7 Dodging
 - Level 3.0 Stealth
 + Level 12.3 Shields
 + Level 2.4 Unarmed Combat
 + Level 0.1(0.6) Evocations


You had 15 spell levels left.
You didn't know any spells.
Your spell library contained the following spells:

 Spells                   Type           Power        Failure   Level
 Animate Skeleton         Necr           #.....       99%         1
 Apportation              Tloc           #.....       99%         1
 Corona                   Hex            #......      99%         1
 Magic Dart               Conj           #...         99%         1
 Summon Small Mammal      Summ           #...         99%         1
 Call Imp                 Summ           #.......     99%         2
 Slow                     Hex            #.......     99%         2
 Blink                    Tloc           N/A          100%        2
 Ensorcelled Hibernation  Hex/Ice        #.....       100%        2
 Confusing Touch          Hex            #.......     100%        3
 Conjure Flame            Conj/Fire      #.......     100%        3
 Dazzling Flash           Conj/Hex       #.....       100%        3
 Ignite Poison            Fire/Tmut/Pois #.......     100%        3
 Mephitic Cloud           Conj/Pois/Air  #.......     100%        3
 Tukima's Dance           Hex            #.......     100%        3
 Cause Fear               Hex            #.........   100%        4
 Fireball                 Conj/Fire      #.........   100%        5
 Silence                  Hex/Air        #.........   100%        5
 Yara's Violent Unravell  Hex/Tmut       #.........   100%        5
 Starburst                Conj/Fire      #.........   100%        6
 Discord                  Hex            #.........   100%        8
 Ignition                 Fire           #.........   100%        8


Dungeon Overview and Level Annotations

Branches:
Dungeon (13/15)            Temple (1/1) D:7            Lair (6/6) D:11
  Swamp (4/4) Lair:4        Snake (0/4) Lair:4        Slime (0/5) Lair:6
    Orc (0/2) D:10
 Vaults: D:13-14

Altars:
Ashenzari
Cheibriados
Dithmenos
Elyvilon
Fedhas
Gozag
Hepliaklqana
Kikubaaqudgha
Makhleb
Nemelex Xobeh
Okawaru
Qazlal
Ru
Sif Muna
Trog
Uskayaw
Vehumet
Wu Jian
Xom
Yredelemnul
Zin
The Shining One
Jiyva

Shops:
D:5 !   D:8 [

Annotations:
D:7 3 runed translucent doors, asss's ghost, novice KoDe
D:13 Nieddad's ghost, journeyman DsCj
Swamp:4 Mara; Roxanne


Innate Abilities, Weirdness & Mutations

You have hoof-like feet.
You are completely covered in molten scales. (AC +4, rF+)
A weak demonic guardian rushes to your aid.
You frequently emit foul miasma when damaged in melee.
You are immune to rotting.
You have a pair of small antennae on your head.
You have sharp fingernails.
You have very sharp teeth.
Your mind is acute. (Int +2)
Your system is resistant to poisons. (rPois)
You are covered in fur. (AC +1)
You evolve.


Message History

Space warps horribly around you.
You miss Nieddad's ghost. Your kick misses Nieddad's ghost.
Your bite misses Nieddad's ghost.
Nieddad's ghost is almost destroyed.
Nieddad's ghost is engulfed in freezing vapours.
You block Nieddad's ghost's attack.
You hit Nieddad's ghost. You burn Nieddad's ghost.
Your kick misses Nieddad's ghost.
Nieddad's ghost is almost destroyed.
Your shield and plate armour prevent you from hitting Nieddad's ghost.
You kick Nieddad's ghost.
Nieddad's ghost is almost destroyed.
Nieddad's ghost hits you!
* * * LOW HITPOINT WARNING * * *
Space warps horribly around you!
* * * LOW HITPOINT WARNING * * *
You feel better.
Nieddad's ghost gestures at you while chanting.
The iron shot hits you!!!
You die...

#####..##...###+##### , *
*#......#....##......#, ,
#......#....##......#, *
#......+............#, ,
#.........###.......#,,
#.....)..##⌠##......# ,
####..##...##..####.. ,*
#...##..!..##....... ∆,,
#...#⌠..♣..W@.$..##., *
,,#...##.....##....# , ,
,,#.#..##...##.....# ,,
##+##.....##⌠##........ *
#....####..###..######..,
#.##.+,,,....... , .., *
+....# ,....... ,, ,* ,,
#....######## ** * +, ,,*
............* ** , *


You could see Nieddad's ghost.

Vanquished Creatures
  Frances (Swamp:1)
  4 thorn hunters
  6 dire elephants
  Snorg (Lair:6)
  Harold (D:7)
  2 shambling mangroves
  23 hydras
  A centaur warrior (D:9)
  2 ghost crabs
  An anaconda (Lair:6)
  Erica (D:10)
  A two-headed ogre (D:9)
  5 death yaks
  The ghost of bzbzbz the Martial Artist, a journeyman OpTm of Cheibriados (Lair:2)
  14 alligators
  2 unseen horrors
  2 spriggan druids
  13 swamp dragons
  Pikel (D:4)
  An oklob plant (Lair:2)
  2 ugly things
  A cyclops (D:12)
  A manticore (D:12)
  Maurice (D:12)
  34 elephants
  6 black mambas
  3 torpor snails (Lair:6)
  2 gargoyles
  14 cane toads
  2 kobold demonologists (Swamp:1)
  A rime drake (Lair:6)
  5 komodo dragons
  A tengu conjurer (D:9)
  9 tyrant leeches
  3 polar bears
  11 hornets
  6 blink frogs
  14 bog bodies
  26 slime creatures
  15 dream sheep
  6 hippogriffs
  36 yaks
  9 spriggans
  4 shadows
  2 wyverns
  2 steam dragons
  15 vampire mosquitoes
  12 swamp worms
  A soldier ant (D:8)
  6 insubstantial wisps (Swamp:4)
  4 water moccasins
  Duvessa (D:7)
  11 porcupines
  3 ice beasts
  14 swamp drakes
  8 orc warriors
  A sky beast (D:9)
  2 phantoms
  3 black bears
  A necrophage (D:8)
  3 ogres
  8 wolves
  5 centaurs
  7 crocodiles
  3 big kobolds
  19 bullfrogs
  A wyvern skeleton (D:9)
  5 scorpions
  Dowan (D:7)
  An electric eel (Lair:4)
  5 killer bees
  9 wights
  5 howler monkeys
  A lava snake (D:7)
  3 centaur zombies
  6 hounds
  4 bullfrog zombies
  4 jellies
  5 centaur skeletons
  7 orc priests
  9 orc wizards
  A bullfrog skeleton (D:8)
  13 worker ants
  4 iguanas
  A hound zombie (D:10)
  A hound skeleton (D:8)
  4 worker ant zombies
  A howler monkey zombie (D:6)
  A howler monkey skeleton (D:7)
  4 gnolls
  9 adders
  2 shadow imps
  2 white imps
  2 ufetubi
  An ooze (D:5)
  A dart slug (D:2)
  A worm (D:2)
  5 leopard geckos
  33 orcs
  10 bats
  6 giant cockroaches
  8 hobgoblins
  6 jackals
  5 quokkas
  4 frilled lizards
  12 goblins
  17 kobolds
  A quokka zombie (D:5)
  8 rats
  A butterfly (Lair:6)
656 creatures vanquished.

Vanquished Creatures (collateral kills)
  A dire elephant (Lair:6)
  2 hydras (Swamp:4)
  3 alligators
  A swamp dragon (Swamp:4)
  A slime creature (Swamp:4)
  2 elephants
  A centaur skeleton (D:11)
  A cane toad (Lair:2)
  A hippogriff (D:11)
  Grinder (D:4)
  4 dream sheep
  A bog body (Swamp:1)
  A wraith (D:10)
  A spriggan (Swamp:3)
  2 yaks (D:9)
  A vampire mosquito (Swamp:1)
  A steam dragon (D:5)
  A swamp worm (Swamp:2)
  A wolf (Lair:6)
  An ogre (D:7)
  A water moccasin skeleton (D:4)
  An orc wizard (D:10)
  An orc priest (D:3)
  A leopard gecko (D:9)
  6 orcs
38 creatures vanquished.

Vanquished Creatures (others)
  A spriggan (Swamp:4)
  A bush (Lair:6)
  43 fungi
  48 plants
  7 toadstools (Swamp:2)
100 creatures vanquished.

Grand Total: 794 creatures vanquished

Notes
Turn   | Place    | Note
-------+----------+-------------------------------------------
     0 | D:1      | Nubsawce the Demonspawn Fighter began the quest for the
                  | Orb.
     0 | D:1      | Reached XP level 1. HP: 18/18 MP: 1/1
   426 | D:1      | Gained mutation: A weak demonic guardian rushes to your
                  | aid. [demonic ancestry]
   426 | D:1      | Reached XP level 2. HP: 22/24 MP: 2/2
   955 | D:2      | Gained mutation: You are immune to rotting. [demonic
                  | ancestry]
   955 | D:2      | Reached XP level 3. HP: 25/29 MP: 3/3
  1958 | D:2      | Gained mutation: You may emit foul miasma when damaged in
                  | melee. [demonic ancestry]
  1958 | D:2      | Reached XP level 4. HP: 31/35 MP: 4/4
  1974 | D:3      | Reached skill level 1 in Short Blades
  2463 | D:4      | Gained mutation: You have large cloven feet. [demonic
                  | ancestry]
  2463 | D:4      | Reached XP level 5. HP: 17/41 MP: 5/5
  2915 | D:4      | Noticed Grinder
  2919 | D:4      | Reached skill level 1 in Dodging
  2964 | D:4      | Killed Grinder
  2964 | D:4      | Reached XP level 6. HP: 28/47 MP: 6/6
  3141 | D:4      | Noticed Pikel
  3166 | D:4      | Killed Pikel
  3166 | D:4      | Reached skill level 5 in Armour
  3166 | D:4      | Reached XP level 7. HP: 50/53 MP: 7/7
  3329 | D:4      | Found a glowing golden altar of the Shining One.
  3360 | D:5      | Entered Level 5 of the Dungeon
  3628 | D:5      | Reached XP level 8. HP: 59/60 MP: 8/8
  3685 | D:5      | Reached skill level 5 in Shields
  3768 | D:5      | Found Ibaply's Distillery.
  3782 | D:5      | Found a stormy altar of Qazlal.
  3789 | D:5      | Reached skill level 1 in Stealth
  3829 | D:5      | Bought a potion of mutation for 104 gold pieces
  3829 | D:5      | Bought a potion of heal wounds for 65 gold pieces
  3829 | D:5      | Gained mutation: You have a pair of small antennae on your
                  | head. [potion of mutation]
  3829 | D:5      | Gained mutation: You evolve. [potion of mutation]
  3829 | D:5      | Gained mutation: You have hoof-like feet. [potion of
                  | mutation]
  4521 | D:6      | Gained mutation: You are robust. (+10% HP) [evolution]
  5019 | D:7      | Found a glowing golden altar of the Shining One.
  5217 | D:7      | Noticed Harold
  5231 | D:7      | Killed Harold
  5231 | D:7      | Reached skill level 5 in Short Blades
  5231 | D:7      | Reached XP level 9. HP: 39/72 MP: 9/9
  5460 | D:7      | Found a runed translucent gate.
  5460 | D:7      | Found a runed translucent gate.
  5460 | D:7      | Found a runed translucent gate.
  5461 | D:7      | Noticed asss's ghost (novice KoDe)
  5461 | D:7      | Noticed a kobold demonologist
  5799 | D:7      | Noticed Dowan
  5828 | D:7      | Noticed Duvessa
  5832 | D:7      | Killed Dowan
  5846 | D:7      | Killed Duvessa
  6141 | D:7      | Found a staircase to the Ecumenical Temple.
  6168 | Temple   | Entered the Ecumenical Temple
  6197 | Temple   | Became a worshipper of Ashenzari the Shackled
  6371 | D:8      | Reached skill level 5 in Fighting
  6467 | D:8      | Found Lasimm's Antique Armour Shoppe.
  7041 | D:8      | Gained mutation: You are partially covered in molten
                  | scales. (AC +2) [demonic ancestry]
  7041 | D:8      | Reached XP level 10. HP: 38/81 MP: 10/10
  7156 | D:8      | Gained mutation: You have very sharp teeth. [evolution]
  7815 | D:9      | Reached skill level 5 in Dodging
  8007 | D:9      | Noticed a two-headed ogre
  8033 | D:9      | Killed a two-headed ogre
  8539 | D:9      | Gained mutation: You have hooves in place of feet.
                  | [evolution]
  8606 | D:9      | Noticed a centaur warrior
  8628 | D:9      | Killed a centaur warrior
  8649 | D:9      | Killed an unseen horror
  8994 | D:9      | Noticed a green ugly thing
  9028 | D:9      | Killed a green ugly thing
  9028 | D:9      | Reached XP level 11. HP: 35/89 MP: 11/11
  9731 | D:9      | Lost mutation: You have hooves in place of feet.
                  | [evolution]
  9731 | D:9      | Lost mutation: You evolve. [end of evolution]
 10399 | D:10     | Entered Level 10 of the Dungeon
 10964 | D:10     | Found a staircase to the Orcish Mines.
 11134 | D:10     | Lost mutation: You are robust. (+10% HP) [potion of
                  | mutation]
 11134 | D:10     | Lost mutation: You have hoof-like feet. [potion of
                  | mutation]
 11134 | D:10     | Gained mutation: You evolve. [potion of mutation]
 11134 | D:10     | Gained mutation: You are covered in fur. (AC +1) [potion of
                  | mutation]
 11316 | D:10     | Noticed Erica
 11361 | D:10     | Killed Erica
 11499 | D:10     | Found a shadowy altar of Dithmenos.
 11690 | D:10     | Reached * piety under Ashenzari
 11808 | D:10     | Killed an unseen horror
 11969 | D:11     | Found a gate leading to a gauntlet.
 12071 | D:11     | Reached skill level 1 in Long Blades
 12284 | D:11     | Found a staircase to the Lair.
 12388 | D:11     | Reached skill level 2 in Long Blades
 12817 | Lair:1   | Entered Level 1 of the Lair of Beasts
 12880 | Lair:1   | Reached ** piety under Ashenzari
 12887 | Lair:1   | Reached skill level 3 in Long Blades
 13050 | Lair:1   | Gained mutation: You are mostly covered in molten scales.
                  | (AC +3) [demonic ancestry]
 13050 | Lair:1   | Reached XP level 12. HP: 67/89 MP: 12/12
 13849 | Lair:1   | Gained mutation: You have sharp fingernails. [evolution]
 14275 | Lair:2   | Noticed a five-headed hydra
 14293 | Lair:2   | Killed a three-headed hydra
 14297 | Lair:2   | Reached skill level 4 in Long Blades
 14768 | Lair:2   | Found a runed translucent door.
 14768 | Lair:2   | Noticed bzbzbz's ghost (journeyman OpTm)
 14778 | Lair:2   | Killed bzbzbz's ghost
 14778 | Lair:2   | Reached skill level 5 in Long Blades
 14831 | Lair:2   | Identified a scroll of acquirement
 14831 | Lair:2   | Acquired 692 gold pieces
 14896 | Lair:2   | Reached skill level 10 in Armour
 14989 | Lair:2   | Reached *** piety under Ashenzari
 16076 | Lair:3   | Noticed a death yak
 16083 | Lair:3   | Noticed a death yak
 16084 | Lair:3   | Noticed a death yak
 16086 | Lair:3   | Noticed a death yak
 16088 | Lair:3   | Noticed a death yak
 16099 | Lair:2   | Killed a death yak
 16191 | Lair:2   | Reached skill level 6 in Long Blades
 16206 | Lair:2   | Killed a death yak
 16493 | Lair:1   | Killed a death yak
 16652 | Lair:2   | Killed a death yak
 16703 | Lair:3   | Killed a death yak
 17032 | Lair:3   | Reached **** piety under Ashenzari
 17184 | Lair:3   | Reached skill level 7 in Long Blades
 17324 | Lair:3   | Gained mutation: Your system is resistant to poisons.
                  | (rPois) [evolution]
 17500 | Lair:4   | Gained mutation: You have hoof-like feet. [demonic
                  | ancestry]
 17500 | Lair:4   | Reached XP level 13. HP: 87/99 MP: 13/13
 17657 | Lair:4   | Found a staircase to the Swamp.
 18035 | Lair:4   | Reached skill level 8 in Long Blades
 18103 | Lair:3   | Reached skill level 10 in Shields
 18326 | Lair:4   | Noticed a dire elephant
 18522 | Lair:4   | Killed a dire elephant
 18878 | Lair:4   | Found a staircase to the Snake Pit.
 19363 | Lair:5   | Reached skill level 9 in Long Blades
 19766 | Lair:5   | Reached ***** piety under Ashenzari
 20481 | Lair:5   | Gained mutation: Your mind is acute. (Int +2) [evolution]
 20677 | Lair:6   | Entered Level 6 of the Lair of Beasts
 20764 | Lair:6   | Reached skill level 10 in Long Blades
 20930 | Lair:6   | Gained mutation: You frequently emit foul miasma when
                  | damaged in melee. [demonic ancestry]
 20930 | Lair:6   | Reached XP level 14. HP: 84/108 MP: 14/14
 20974 | Lair:6   | Found a snail-covered altar of Cheibriados.
 21126 | Lair:6   | Found a staircase to the Slime Pits.
 21127 | Lair:6   | Found a viscous altar of Jiyva.
 21903 | Lair:6   | Noticed Snorg
 21912 | Lair:6   | Killed Snorg
 22172 | Lair:6   | Reached skill level 11 in Long Blades
 22924 | Lair:6   | Identified the cursed +0 robe of Fatiuk {rPois MR++ rCorr
                  | Int+2}
 23072 | Lair:6   | Reached skill level 10 in Fighting
 23469 | Swamp:1  | Entered Level 1 of the Swamp
 24002 | Swamp:1  | Noticed Frances
 24017 | Swamp:1  | Killed Frances
 24372 | Swamp:1  | Reached skill level 12 in Long Blades
 24584 | Swamp:2  | Noticed a thorn hunter
 24599 | Swamp:1  | Killed a thorn hunter
 25000 | Swamp:2  | Gained mutation: You are completely covered in molten
                  | scales. (AC +4, rF+) [demonic ancestry]
 25000 | Swamp:2  | Reached XP level 15. HP: 110/117 MP: 15/15
 26674 | Swamp:3  | Reached skill level 13 in Long Blades
 27067 | Swamp:3  | Reached ****** piety under Ashenzari
 27421 | Swamp:4  | Entered Level 4 of the Swamp
 27796 | Swamp:4  | Noticed a thorn hunter
 27806 | Swamp:4  | Killed a thorn hunter
 27843 | Swamp:4  | Noticed Mara
 27861 | Swamp:4  | Noticed Nubsawce's illusion
 28912 | Swamp:4  | Reached XP level 16. HP: 87/126 MP: 16/16
 28942 | Swamp:4  | Noticed a thorn hunter
 28957 | Swamp:4  | Killed a thorn hunter
 29472 | Swamp:4  | Noticed a thorn hunter
 29493 | Swamp:4  | Killed a thorn hunter
 29512 | Swamp:4  | Got a decaying rune of Zot
 29613 | Swamp:4  | Reached skill level 14 in Long Blades
 29688 | Swamp:4  | Identified Roxanne's Collected Works on the Mountains
 29688 | Swamp:4  | Noticed Roxanne
 30046 | D:12     | Noticed Maurice
 30066 | D:12     | Paralysed by Maurice for 4 turns
 30071 | D:12     | Killed Maurice
 30342 | D:12     | Acquired the cursed amulet of the Three Artists {Reflect
                  | rElec Dex+3 SH+5}
 30626 | D:13     | Noticed Nieddad's ghost (journeyman DsCj)
 30635 | D:13     | Found a runed translucent door.
 30657 | D:13     | Killed from afar by Nieddad's ghost

Illustrated notes

Levels and vault maps discovered:
D:1:      dpeg_arrival_windows_large_door, layout_rooms
D:2:      layout_basic, minmay_increasing_density
D:3:      layout_rooms
D:4:      layout_basic, tso_metal_star, uniq_grinder, uniq_pikel
D:5:      kennysheep_steamy, layout_cave_pools, serial_shops,
          nicolae_shop_temple_entry_statues_fountains, serial_column_ruins,
          column_ruins_hut_pillars, column_ruins_hut, column_ruins_open_small,
          column_ruins_grid_1, column_ruins_grid_1, column_ruins_columns_plus,
          nicolae_qazlal_eye_of_the_storm
D:6:      layout_rooms
D:7:      layout_basic, temple_fountains, basic_altar,
          gammafunk_ghost_nasty_kobolds, kennysheep_generic_room_5,
          uniq_duvessa, uniq_harold
D:8:      layout_gridville, serial_shops, shop_fountains,
          kennysheep_generic_room_15
D:9:      hangedman_cross_veins, layout_basic
D:10:     layout_basic, orc_0_dummy, nicolae_dithmenos_shadow_blocks, uniq_erica
D:11:     layout_stronghold, grunt_lair_entry_orc_guard_hut,
          gauntlet_entry_generic
D:12:     layout_rooms, minivault_1, uniq_maurice
D:13:     layout_stronghold, david_vaults_4, basic_altar,
          hellmonk_ghost_happy_afterlife, minmay_statue_bubble
Temple:   grunt_wide_crystal_templ
Lair:1:   layout_cave_pods
Lair:2:   layout_gridlike, gammafunk_ghost_grave, minivault_19,
          cheibrodos_lair_caveside_slide, minivault_27
Lair:3:   layout_small_grid, grunt_megastairs_3
Lair:4:   mu_elephants_graveyard, layout_gridlike, swamp_mist_pool
Lair:5:   layout_cellular_growth, lemuel_fruit_fields, grunt_megastairs_5,
          lemuel_fruit_tree
Lair:6:   due_jungle_book, layout_loops_ring, slime_altar_1,
          kennysheep_snail_temple, lemuel_fruit_fields, uniq_snorg
Swamp:1:  layout_falls_marsh, nicolae_swamp_dense_foliage,
          cheibrodos_swamp_kobolds, uniq_frances
Swamp:2:  cheibrodos_swamp_tower_of_moss, layout_falls_marsh,
          evilmike_swamp_ruin_house_3, swamp_pool3, infiniplex_staircase_pool
Swamp:3:  layout_basic_swamp, evilmike_swamp_ruin_rubble_1, swamp_pool3
Swamp:4:  swamp_basic_johnstein, layout_basic_swamp, uniq_roxanne, uniq_mara

Skill      XL: |  1  2  3  4  5  6  7  8  9 10 11 12 13 14 15 16 |
---------------+-------------------------------------------------+-----
Unarmed Combat | 2 |  2.4
Shields        | 3 4 5 6 7 8 9 10 11 12 | 12.3
Armour         | 3 4 5 7 9 10 11 12 13 | 13.0
Short Blades   | 1 2 3 5 6 7 9 |  9.0
Dodging        | 1 2 3 4 5 6 |  6.7
Fighting       | 4 5 6 8 9 10 11 12 | 12.0
Stealth        | 1 2 3 |  3.0
Long Blades    | 3 7 10 12 13 14 | 14.1
Throwing       | |  0.7
Evocations     | |  0.1

Action                   |  1- 3 |  4- 6 |  7- 9 | 10-12 | 13-15 | 16-18 || total
-------------------------+-------+-------+-------+-------+-------+-------++-------
Melee: Unarmed           |    70 |       |       |       |       |       ||    70
       Dagger            |   125 |   106 |   393 |   509 |       |       ||  1133
       Kick              |       |    26 |   147 |   361 |   450 |    77 ||  1061
       Bite              |       |       |       |   136 |   160 |    26 ||   322
       Scimitar          |       |       |       |   385 |  1127 |   182 ||  1694
       Short sword       |       |       |       |    64 |       |       ||    64
Throw: Dart              |       |       |     1 |     4 |       |       ||     5
Invok: Curse Item        |       |       |     1 |     4 |       |       ||     5
Evoke: Wand              |       |       |       |       |     1 |       ||     1
       Box of beasts     |       |       |       |       |     1 |       ||     1
  Use: Scroll            |       |       |     3 |    17 |    10 |     2 ||    32
       Potion            |       |       |     1 |     4 |     4 |     1 ||    10
 Stab: Distracted        |       |       |     1 |     4 |    12 |     5 ||    22
Armor: Scale mail        |    98 |    24 |    80 |    61 |       |       ||   263
       Plate armour      |       |       |       |   270 |   474 |    67 ||   811
       Skin              |       |       |       |       |     9 |       ||     9
Dodge: Dodged            |    62 |    25 |    92 |   217 |   243 |    38 ||   677
       Repelled          |       |       |     3 |     4 |       |       ||     7
Block: Kite shield       |    88 |    31 |   150 |   386 |   537 |    70 ||  1262
       Reflection        |       |       |       |       |       |     1 ||     1
       Rpst.: Scimitar   |       |       |       |    35 |    50 |     5 ||    90

Table legend: (Time is in decaauts)
 A = Elapsed time spent in this place.
 B = Non-inter-level travel time spent in this place.
 C = Inter-level travel time spent in this place.
 D = Time resting spent in this place.
 E = Time spent auto-exploring this place.
 F = Levels seen in this place.
 G = Mean time per level.
                   A        B        C        D        E       F      G
               +--------+--------+--------+--------+--------+-----+--------+
         Total |  30361 |  30361 |      0 |   7734 |  13585 |  24 | 1265.0 |
       Dungeon |  13205 |  13205 |      0 |   2508 |   6929 |  13 | 1015.8 |
        Temple |     67 |     67 |      0 |      0 |     20 |   1 |   67.0 |
          Lair |  10696 |  10696 |      0 |   2155 |   5735 |   6 | 1782.7 |
         Swamp |   6392 |   6392 |      0 |   3071 |    901 |   4 | 1598.0 |
               +--------+--------+--------+--------+--------+-----+--------+

Top non-repeatable levels by time:
  Lair:2: 2517 daAuts
  Lair:6: 2057 daAuts
     D:9: 2053 daAuts
 Swamp:3: 2015 daAuts
  Lair:5: 2003 daAuts
     D:8: 1969 daAuts
 Swamp:4: 1865 daAuts
  Lair:4: 1549 daAuts
    D:10: 1465 daAuts
 Swamp:1: 1345 daAuts
  Lair:1: 1326 daAuts
  Lair:3: 1240 daAuts
 Swamp:2: 1166 daAuts
     D:2: 1030 daAuts
     D:7: 1014 daAuts
